 Dungeon Crawl Stone Soup version 0.28.0 (webtiles) character file.

Game seed: 7707636957659197214

63 tizbic2 the Conjurer (level 4, -4/42 HPs)
             Began as an Ogre Conjurer on Feb 7, 2022.
             Slain by Edmund (9 damage)
             ... on level 4 of the Dungeon.
             The game lasted 00:10:18 (2453 turns).

tizbic2 the Conjurer (Ogre Conjurer)                Turns: 2453, Time: 00:10:18

Health: -4/42      AC:  3    Str: 11    XL:     4   Next: 9%
Magic:  4/8        EV:  9    Int: 21    God:
Gold:   153        SH:  0    Dex:  7    Spells: 6/9 levels left

rFire   + . .      SeeInvis .   w - +0 glaive
rCold   + . .      Faith    .   (shield currently unavailable)
rNeg    . . .      Spirit   .   a - +0 robe
rPois   +          Reflect  .   (helmet restricted)
rElec   +          Harm     .   (no cloak)
rCorr   +          Rampage  .   (gloves unavailable)
Will    .....                   (boots unavailable)
Stlth   +.........              (no amulet)
HPRegen 0.14/turn               (no ring)
MPRegen 0.11/turn               (no ring)

@: resistant
A: large, unfitting armour, tough skin 1
a: no special abilities


You were on level 4 of the Dungeon.
You visited 1 branch of the dungeon, and saw 4 of its levels.

You collected 153 gold pieces.

Inventory:

Hand Weapons
 d - a +0 war axe
 k - a +2 vampiric short sword
 w - a +0 glaive (weapon)
Missiles
 g - 6 poisoned darts
 h - 91 stones
Armour
 a - a +0 robe (worn)
Scrolls
 e - a scroll of identify
Potions
 b - 2 potions of curing {unknown}
 c - 2 potions of haste {unknown}
 i - a potion of magic {unknown}


   Skills:
 + Level 2.1 Fighting
 * Level 0.2 Polearms
 - Level 1.7 Dodging
 - Level 1.4 Stealth
 + Level 3.1 Spellcasting
 + Level 4.3 Conjurations


You had 6 spell levels left.
You knew the following spells:

 Your Spells              Type           Power      Damage    Failure   Level
a - Magic Dart            Conj           84%        1d7       2%          1
b - Searing Ray           Conj           42%        2d6       3%          2

Your spell library contained the following spells:

 Spells                   Type           Power      Damage    Failure   Level
 Pain                     Necr           12%        1d4       13%         1
 Dazzling Flash           Conj/Hex       24%        N/A       16%         3
 Fulminant Prism          Conj/Hex       6%         3d7       47%         4
 Iskenderun's Mystic Bla  Conj/Tloc      12%        2d5       47%         4
 Agony                    Necr           3%         N/A       98%         5
 Excruciating Wounds      Necr           1%         N/A       98%         5


Dungeon Overview and Level Annotations

Branches:
Dungeon (4/15)
 Temple: D:4-7

Altars:
Gozag

Annotations:
D:4 Edmund


Innate Abilities, Weirdness & Mutations

You are too large for most types of armour.
You have tough skin. (AC +1)


Message History

You start resting.
Magic restored.
You open the door.
Edmund the Younger comes into view.
He is wielding a +2 flail of holy wrath.
Edmund shouts!
Found 2 scrolls labelled EMESTR YVE QEE.
A hobgoblin comes into view.
The hobgoblin shouts!
There is an open door here.
Casting: Magic Dart (safe; 2% risk of failure)
Confirm with . or Enter, or press ? or * to list all spells.
Aiming: Searing Ray (safe; 3% risk of failure)
Press: ? - help, Shift-Dir - straight line, f - Edmund
Aim: Edmund, wielding a +2 flail of holy wrath and wearing a +0 scale mail (81% to hit)
The searing ray hits Edmund.
Edmund is lightly wounded. (Press . to maintain the ray.) Edmund closely misses you.
The searing ray misses Edmund.
Edmund hits you with a +2 flail of holy wrath.
The searing ray hits Edmund!
Edmund is moderately wounded.
The searing ray hits the hobgoblin!
You kill the hobgoblin!
Edmund hits you with a +2 flail of holy wrath.
The searing ray hits Edmund.
Edmund is moderately wounded.
You finish channelling your searing ray.
Edmund barely misses you.
Edmund hits you with a +2 flail of holy wrath!
Edmund hits you with a +2 flail of holy wrath!
Edmund clears his throat.
Edmund hits you with a +2 flail of holy wrath!
* * * LOW HITPOINT WARNING * * *
Edmund gestures with his flail.
Okay, then.
It was a potion of resistance.
You feel protected.
Edmund hits you with a +2 flail of holy wrath!
You die...

#........#
#........#
#........######.#
#.............#.#
######...........
#........#.#
#........#
#........#
#..@.....#
####@##### #'#
..........#
.......?.....
..........####
.......$..#
..........#
..........#


You could see Edmund.

Vanquished Creatures
  An adder (D:2)
  A worm (D:3)
  A dart slug (D:1)
  2 endoplasms
  5 giant cockroaches
  4 goblins
  11 hobgoblins
  2 jackals (D:2)
  A quokka (D:2)
  4 ball pythons
  4 bats
  5 kobolds
  2 rats (D:1)
43 creatures vanquished.

Notes
Turn   | Place    | Note
-------+----------+-------------------------------------------
     0 | D:1      | tizbic2 the Ogre Conjurer began the quest for the Orb.
     0 | D:1      | Reached XP level 1. HP: 16/16 MP: 3/3
   462 | D:1      | Reached XP level 2. HP: 7/26 MP: 1/5
   485 | D:1      | Reached skill level 1 in Fighting
   713 | D:1      | Learned a level 2 spell: Searing Ray
   972 | D:1      | Reached skill level 4 in Conjurations
  1051 | D:1      | Found a faded altar of an unknown god.
  1112 | D:1      | Reached XP level 3. HP: 32/33 MP: 7/7
  1991 | D:3      | Found an opulent altar of Gozag.
  2110 | D:3      | Reached XP level 4. HP: 42/42 MP: 6/8
  2442 | D:4      | Noticed Edmund
  2453 | D:4      | Slain by Edmund

Illustrated notes

Levels and vault maps discovered:
D:1:      wander_arrival_estate, layout_basic,
          ebering_ecumenical_altar_sacrificial, minmay_misc_feat_four_crosses,
          kennysheep_another_room, minmay_tetromino_t4
D:2:      layout_basic
D:3:      layout_rooms, mainiacjoe_overflow_tiny_flanked
D:4:      layout_basic, uniq_edmund, uniq_robin

Skill      XL: |  1  2  3 |
---------------+----------+-----
Fighting       | 1 2 |  2.1
Conjurations   | 4 |  4.3
Spellcasting   | 3 |  3.1
Polearms       | |  0.2
Dodging        | |  1.7
Stealth        | |  1.4

Action                   |  1- 3 |  4- 6 || total
-------------------------+-------+-------++-------
Melee: Unarmed           |    11 |       ||    11
       Dagger            |     8 |       ||     8
       War axe           |    35 |       ||    35
       Glaive            |    21 |     6 ||    27
       Short sword       |    19 |       ||    19
 Cast: Magic Dart        |    24 |     3 ||    27
       Searing Ray       |     4 |     2 ||     6
  Use: Scroll            |     3 |       ||     3
       Potion            |       |     1 ||     1
 Stab: Sleeping          |     2 |       ||     2
Armor: Robe              |    42 |     1 ||    43
Dodge: Dodged            |    72 |     9 ||    81
